 Dungeon Crawl Stone Soup version 0.24-a0-269-g32ec7ca (webtiles) character file.

Game seed: 16304485512562697718

146615 Hasart the Unseen (level 18, -5/171 HPs)
             Began as a Kobold Gladiator on Apr 21, 2019.
             Was the Champion of Okawaru.
             Slain by a faun
             ... wielding a +0 club
             ... led by a satyr
              (8 damage)
             ... on level 3 of the Shoals.
             The game lasted 01:35:36 (31342 turns).

Hasart the Unseen (Kobold Gladiator)               Turns: 31342, Time: 01:35:37

Health: -5/171     AC: 12    Str: 17    XL:     18   Next: 7%
Magic:  28/28      EV: 29    Int: 13    God:    Okawaru [******]
Gold:   383        SH:  0    Dex: 23    Spells: 17/17 levels left

rFire    + + .     SeeInvis +   D - +8 arc blade {discharge, rElec}
rCold    + + .     Gourm    .   (shield restricted)
rNeg     . . .     Faith    .   a - +0 robe {rC+ rF+}
rPois    +         Spirit   .   y - +2 hat {SInv}
rElec    +         Reflect  .   j - scarf {rC+ rF+}
rCorr    .         Harm     .   A - +1 pair of gloves of Tenacity {+Fly Str-3 Int+3 Slay+2}
MR       +....                  K - +1 pair of boots of Least Resistance {rPois Dex+3 Stlth+}
Stlth    ..........             J - amulet of regeneration
HPRegen  0.78/turn              P - +5 ring of slaying
MPRegen  0.21/turn              p - +4 ring of protection

@: berserking, glowing, very quick
A: small, carnivore
a: Heroism, Finesse, Renounce Religion, Evoke Flight


You were on level 3 of the Shoals.
You worshipped Okawaru.
Okawaru was exalted by your worship.
You were very full.

You visited 5 branches of the dungeon, and saw 27 of its levels.
You also visited: Ossuary, Ice Cave and Volcano.

You collected 2415 gold pieces.
You spent 2032 gold pieces at shops.

Inventory:

Hand Weapons
 D - the +8 arc blade (weapon) {discharge, rElec}
   (You bought it in a shop on level 2 of the Orcish Mines)

   It insulates you from electricity.
 N - a +5 vampiric quick blade
 O - a +0 lajatang
Missiles
 d - 9 throwing nets (quivered)
 U - 4 silver tomahawks
Armour
 a - a +0 robe of resistance (worn)
 j - a scarf of resistance (worn)
 y - a +2 hat of see invisible (worn)
 z - a +0 troll leather armour
 A - the +1 pair of gloves of Tenacity (worn) {+Fly Str-3 Int+3 Slay+2}
   (Okawaru gifted it to you on level 14 of the Dungeon)

   It affects your strength (-3).
   It affects your intelligence (+3).
   It affects your accuracy and damage with ranged weapons and melee attacks
   (+2).
   It lets you fly.
 K - the +1 pair of boots of Least Resistance (worn) {rPois Dex+3 Stlth+}
   (Okawaru gifted it to you on level 3 of the Shoals)

   It affects your dexterity (+3).
   It protects you from poison.
   It makes you more stealthy.
 M - a +2 robe of magic resistance
Jewellery
 p - a +4 ring of protection (right hand)
 J - an amulet of regeneration (around neck)
 L - an uncursed ring of resist corrosion
 P - a +5 ring of slaying (left hand)
Wands
 u - a wand of flame (29)
 B - a wand of iceblast (3)
 Q - a wand of acid (7)
 Y - a wand of disintegration (14)
Scrolls
 c - 4 scrolls of magic mapping
 e - 12 scrolls of remove curse
 h - 7 scrolls of enchant armour
 m - 4 scrolls of amnesia
 n - 13 scrolls of identify
 s - 7 scrolls of teleportation
 t - 2 scrolls of blinking
 G - 6 scrolls of enchant weapon
 I - 3 scrolls of fear
 T - a scroll of fog
Potions
 b - a potion of berserk rage
 g - 7 potions of curing
 i - a potion of ambrosia
 k - 2 potions of degeneration {unknown}
 l - 3 potions of brilliance {unknown}
 q - 4 potions of might
 r - 5 potions of flight
 v - 8 potions of lignification {unknown}
 w - 3 potions of haste {unknown}
 x - 2 potions of invisibility {unknown}
 F - 2 potions of cancellation {unknown}
 V - a potion of mutation {unknown}
 X - 2 potions of agility
Miscellaneous
 H - a fan of gales
 Z - a box of beasts
Comestibles
 f - 51 rations


   Skills:
 + Level 13.1 Fighting
 - Level 16.0 Short Blades
 * Level 11.0 Staves
 - Level 2.1 Throwing
 - Level 5.0 Armour
 + Level 14.2 Dodging
 + Level 16.3 Stealth
 - Level 10.0 Invocations
 + Level 13.7 Evocations


You had 17 spell levels left.
You didn't know any spells.
Your spell library contained the following spells:

 Spells                   Type           Power        Failure   Level  Hunger
 Beastly Appendage        Tmut           #.....       30%         1    ##.....
 Infusion                 Chrm           #...         30%         1    ##.....
 Magic Dart               Conj           #...         30%         1    ##.....
 Shock                    Conj/Air       #...         30%         1    ##.....
 Summon Small Mammal      Summ           #...         30%         1    ##.....
 Call Imp                 Summ           #.......     43%         2    ###....
 Passwall                 Tmut/Erth      #.......     43%         2    ###....
 Poisonous Vapours        Pois/Air       #.....       43%         2    ###....
 Searing Ray              Conj           #.....       43%         2    ###....
 Shroud of Golubria       Chrm/Tloc      #.........   43%         2    ###....
 Song of Slaying          Chrm           #.......     43%         2    ###....
 Sticks to Snakes         Tmut           #.......     43%         2    ###....
 Swiftness                Chrm/Air       #.......     43%         2    ###....
 Call Canine Familiar     Summ           #.......     67%         3    ####...
 Conjure Flame            Conj/Fire      #.......     67%         3    ####...
 Dazzling Spray           Conj/Hex       #.....       67%         3    ####...
 Mephitic Cloud           Conj/Pois/Air  #.......     67%         3    ####...
 Regeneration             Chrm/Necr      #.........   67%         3    ####...
 Spectral Weapon          Hex/Chrm       #.......     67%         3    ####...
 Spider Form              Tmut/Pois      #.........   67%         3    ####...
 Static Discharge         Conj/Air       #.......     67%         3    ####...
 Summon Guardian Golem    Hex/Summ       #.......     67%         3    ####...
 Airstrike                Air            #.........   97%         4    #####..
 Force Lance              Conj/Tloc      #.......     97%         4    #####..
 Fulminant Prism          Conj/Hex       #.........   97%         4    #####..
 Ice Form                 Ice/Tmut       #.......     97%         4    #####..
 Iskenderun's Mystic Bla  Conj           #.......     97%         4    #####..
 Passage of Golubria      Tloc           N/A          97%         4    #####..
 Summon Ice Beast         Ice/Summ       #.......     97%         4    #####..
 Summon Lightning Spire   Summ/Air       #.......     97%         4    #####..
 Blade Hands              Tmut           #.........   100%        5    ######.
 Lee's Rapid Deconstruct  Erth           #.........   100%        5    ######.
 Lightning Bolt           Conj/Air       #.........   100%        5    ######.
 Darkness                 Hex            #.........   100%        6    #######
 Freezing Cloud           Conj/Ice/Air   #.........   100%        6    #######
 Invisibility             Hex            #.......     100%        6    #######
 Ring of Flames           Chrm/Fire      #.........   100%        7    #######


Dungeon Overview and Level Annotations

Branches:
Dungeon (15/15)            Temple (0/1) D:6            Lair (6/6) D:11
 Shoals (3/4) Lair:3        Snake (0/4) Lair:3        Slime (0/5) Lair:5
    Orc (2/2) D:12            Elf (0/3) Orc:2        Vaults (0/5) D:13
 Depths (1/5) D:15

Altars:
Dithmenos
Elyvilon
Gozag
Okawaru
Qazlal
Ru
Trog
Wu Jian
Yredelemnul
Zin
Jiyva

Shops:
D:14 ?   D:15 !%   Orc:1 :   Orc:2 ([*:

Annotations:
D:7 3 runed translucent doors, Calas's ghost, novice MiFi
D:14 2 transporters
Depths:1 Aizul


Innate Abilities, Weirdness & Mutations

You are small and have problems with some larger weapons.
You are carnivorous and can eat meat at any time.


Message History

You impale the satyr!!
The satyr is moderately wounded.
The satyr shoots an arrow.
The arrow hits you!!
* * * LOW HITPOINT WARNING * * *
You impale the satyr!!
The satyr is severely wounded.
The faun shoots a stone.
The stone barely misses you.
You puncture the satyr!
The satyr is severely wounded.
You puncture the satyr!
The satyr is almost dead.
You impale the satyr!!
The arc blade crackles.
A blue arc grounds itself harmlessly.
You kill the satyr!
Okawaru accepts your kill.
You hear a splash. x3
Unknown command.
The faun unwields a +0 hunting sling.
The faun wields a +0 club.
The faun hits you with a +0 club!
You die...

...## ....#
#...#.≈≈≈≈≈≈≈≈≈≈
..##.#####..##.≈≈≈≈≈≈≈≈≈≈
####.....!.....≈≈≈≈≈≈≈≈≈≈
# ##......≈....≈≈≈≈≈≈≈≈≈≈
###...............≈≈≈≈≈≈≈
.........≈≈....##.≈≈≈≈≈≈≈
.....<..≈≈≈..≈.##.≈≈≈≈≈≈≈
.≈.....≈≈≈≈≈≈≈≈c@(≈≈≈≈≈≈≈
≈≈≈.....#.≈≈≈≈≈≈)≈)≈≈≈≈≈≈
≈≈)....##....≈≈≈≈≈≈≈≈≈≈≈≈
......#.....≈≈≈≈≈≈≈≈≈≈≈≈≈
......#....(≈≈≈≈(≈≈≈≈≈≈≈≈
≈≈≈.......≈≈≈≈≈≈≈≈≈≈≈≈≈≈≈
≈≈...≈...≈≈≈≈≈≈≈≈≈≈≈≈≈≈≈≈
≈≈≈≈≈≈..≈≈≈≈≈≈≈≈≈≈≈≈≈≈≈≈≈
≈≈≈≈≈≈≈≈≈≈≈≈≈≈≈≈≈≈≈≈


You could see a faun.

Vanquished Creatures
  Nikola (Shoals:3)
  Rupert (D:13)
  A kraken (Shoals:2)
  Kirke (Lair:6)
  Louise (D:15)
  An orc warlord (Orc:2)
  A stone giant (Orc:2)
  A dire elephant (D:15)
  3 merfolk javelineers
  3 ettins
  3 merfolk impalers (Shoals:3)
  A fire dragon (Lair:6)
  6 hydras
  Harold (D:9)
  Erolcha (D:9)
  4 vault guards (D:13)
  A merfolk avatar (Shoals:3)
  A merfolk aquamancer (Shoals:3)
  5 centaur warriors
  A satyr (Shoals:3)
  A dancing weapon (Volcano)
  6 death yaks (Lair:6)
  2 ogre magi
  13 two-headed ogres
  3 tengu warriors
  2 unseen horrors
  5 wizards (Volcano)
  6 sea snakes
  A necromancer (IceCv)
  2 deep elf magi
  2 orc knights
  3 wolf spider zombies (D:15)
  17 fauns
  A lindwurm (Lair:6)
  3 ugly things
  An orc sorcerer (D:12)
  A salamander (D:15)
  3 oklob plants (Lair:5)
  8 manticores
  A salamander (shapeshifter) (D:14)
  A wolf spider (D:15)
  16 cyclopes
  12 black mambas
  9 elephants
  5 merfolk sirens
  3 water nymphs
  5 toenail golems (Volcano)
  7 molten gargoyles
  3 ice statues (IceCv)
  A torpor snail (Lair:5)
  8 spiny frogs
  3 rime drakes
  An efreet (D:15)
  5 centaur skeletons
  An eye of devastation (shapeshifter) (D:15)
  A redback zombie (D:15)
  4 yaktaurs (D:15)
  6 ice devils (IceCv)
  16 komodo dragons
  3 tengu conjurers
  6 trolls
  5 polar bears
  4 slime creatures
  A wind drake (Shoals:1)
  12 merfolk
  A hornet (D:8)
  9 hippogriffs
  4 snapping turtles
  24 blink frogs
  9 dream sheep
  A vampire (D:14)
  4 wyverns
  4 water elementals
  A shadow (D:8)
  33 yaks
  4 basilisks
  A redback simulacrum (D:13)
  2 hungry ghosts
  12 vampire mosquitoes
  2 wargs (D:12)
  Edmund (D:6)
  Menkaure (Ossuary)
  4 acid dragons
  3 hell hounds (Lair:6)
  20 water moccasins
  Duvessa (D:5)
  23 orc warriors
  9 porcupines
  2 phantoms
  9 ice beasts
  4 black bears (D:11)
  2 eyes of draining
  A sky beast (D:6)
  A necrophage (D:8)
  11 ogres
  12 centaurs
  9 wolves
  21 crocodiles
  17 bullfrogs
  A big kobold (D:11)
  Blork the orc (D:5)
  A wyvern zombie (D:14)
  Dowan (D:5)
  5 scorpions
  6 killer bees
  12 wights
  4 electric eels
  3 howler monkeys (D:12)
  5 centaur zombies
  7 crimson imps
  5 lava snakes (Lair:6)
  2 bullfrog zombies
  2 draconian simulacra (IceCv)
  3 hounds
  A jelly (D:8)
  21 orc priests
  Crazy Yiuf (D:7)
  3 bullfrog skeletons
  6 iguanas
  25 orc wizards
  Ijyb (D:5)
  Natasha (thrice) (D:3)
  12 worker ants
  2 troll simulacra (IceCv)
  A spriggan simulacrum (IceCv)
  A killer bee zombie (D:8)
  A centaur simulacrum (IceCv)
  2 hound skeletons
  3 mummies (Ossuary)
  9 gnolls
  14 adders
  3 naga simulacra (IceCv)
  An ogre simulacrum (IceCv)
  3 shadow imps
  2 adder skeletons
  3 worms
  A dart slug (D:5)
  7 leopard geckos
  97 orcs
  3 ball pythons
  11 bats
  9 giant cockroaches
  7 gnoll zombies (Ossuary)
  16 goblins
  7 hobgoblins
  8 jackals
  15 kobolds
  4 quokkas
  7 frilled lizards
  2 gnoll skeletons (Ossuary)
  4 goblin skeletons (Ossuary)
  3 goblin zombies (Ossuary)
  2 hobgoblin skeletons (Ossuary)
  4 hobgoblin zombies (Ossuary)
  7 kobold skeletons (Ossuary)
  4 kobold zombies (Ossuary)
  A leopard gecko skeleton (D:5)
  2 leopard gecko zombies
  4 orc skeletons (Ossuary)
  2 orc zombies (Ossuary)
  A quokka skeleton (D:5)
  A quokka zombie (D:8)
  11 rats
  6 rat skeletons (Ossuary)
  5 rat zombies (Ossuary)
  4 plants
  4 tentacles (Shoals:2)
954 creatures vanquished.

Vanquished Creatures (others)
  A human (Lair:6)
  A wyvern (Lair:6)
  An orc wizard (Orc:2)
  An orc (Orc:1)
  A quokka (D:9)
  A quokka skeleton (D:5)
  11 fungi
  12 plants
29 creatures vanquished.

Grand Total: 983 creatures vanquished

Notes
Turn   | Place    | Note
-------+----------+-------------------------------------------
     0 | D:1      | Hasart the Kobold Gladiator began the quest for the Orb.
     0 | D:1      | Reached XP level 1. HP: 12/12 MP: 1/1
   282 | D:1      | Reached XP level 2. HP: 18/18 MP: 2/2
   304 | D:1      | Reached skill level 1 in Stealth
   564 | D:1      | Reached XP level 3. HP: 22/22 MP: 3/3
  1038 | D:1      | Reached skill level 5 in Short Blades
  1038 | D:1      | Reached XP level 4. HP: 20/27 MP: 4/4
  1203 | D:2      | Found an opulent altar of Gozag.
  1288 | D:2      | Reached XP level 5. HP: 23/32 MP: 5/5
  1799 | D:2      | Found an iron altar of Okawaru.
  1813 | D:2      | Became a worshipper of Warmaster Okawaru
  2085 | D:3      | Noticed Natasha
  2173 | D:3      | Killed Natasha
  2339 | D:3      | Noticed Natasha
  2357 | D:3      | Killed Natasha
  2357 | D:3      | Reached XP level 6. HP: 22/37 MP: 6/6
  2420 | D:3      | Noticed Natasha
  2431 | D:3      | Killed Natasha
  2431 | D:3      | Reached skill level 1 in Invocations
  2658 | D:3      | Found a bloodstained altar of Trog.
  2703 | D:3      | Found a stormy altar of Qazlal.
  3697 | D:4      | Reached skill level 1 in Evocations
  3697 | D:4      | Reached XP level 7. HP: 37/42 MP: 8/8
  3793 | D:4      | Found a white marble altar of Elyvilon.
  4028 | D:4      | Reached skill level 5 in Dodging
  4057 | D:4      | Reached * piety under Okawaru
  4314 | D:4      | Found a shadowy altar of Dithmenos.
  4338 | D:5      | Entered Level 5 of the Dungeon
  4504 | D:5      | Noticed Duvessa
  4511 | D:5      | Noticed Dowan
  4527 | D:5      | Killed Duvessa
  4527 | D:5      | Reached XP level 8. HP: 47/48 MP: 9/9
  4531 | D:5      | Killed Dowan
  4880 | D:5      | Reached skill level 5 in Stealth
  4910 | D:5      | Reached ** piety under Okawaru
  5090 | D:5      | Noticed Ijyb
  5113 | D:5      | Killed Ijyb
  5234 | D:5      | Reached skill level 5 in Fighting
  5258 | D:5      | Reached XP level 9. HP: 40/54 MP: 11/11
  5668 | D:5      | Noticed Blork the orc
  5673 | D:5      | Killed Blork the orc
  6326 | D:6      | Noticed Edmund
  6331 | D:6      | Killed Edmund
  6331 | D:6      | Reached *** piety under Okawaru
  6353 | D:6      | Found a staircase to the Ecumenical Temple.
  7018 | D:7      | You fall through a shaft for 3 floors!
  7018 | D:10     | Entered Level 10 of the Dungeon
  7058 | D:9      | Found a sacrificial altar of Ru.
  7137 | D:9      | Found a glowing silver altar of Zin.
  7231 | D:9      | Found a white marble altar of Elyvilon.
  7341 | D:8      | Noticed a hornet
  7348 | D:8      | Killed a hornet
  7348 | D:8      | Reached skill level 5 in Evocations
  7405 | D:8      | Reached skill level 10 in Short Blades
  7433 | D:8      | Reached XP level 10. HP: 9/60 MP: 13/13
  7523 | D:8      | Reached skill level 5 in Invocations
  7823 | D:8      | Found an ornate altar of the Wu Jian Council.
  7823 | D:8      | Found a basalt altar of Yredelemnul.
  7871 | D:8      | Found a sand-covered staircase.
  7877 | Ossuary  | Entered an ossuary
  8279 | Ossuary  | Noticed Menkaure
  8287 | Ossuary  | Killed Menkaure
  8287 | Ossuary  | Reached **** piety under Okawaru
  8449 | D:8      | Found an iron altar of Okawaru.
  8580 | D:8      | Noticed a two-headed ogre
  8604 | D:8      | Got a warped falchion
  8605 | D:8      | Identified the cursed +1 falchion of the Horn {freeze, rN+
                  | Dex+2} (You found it on level 8 of the Dungeon)
  8810 | D:7      | Found a runed translucent gate.
  8810 | D:7      | Found a runed translucent gate.
  8810 | D:7      | Found a runed translucent gate.
  8815 | D:7      | Noticed Calas's ghost (novice MiFi)
  9302 | D:7      | Found a runed translucent door.
  9303 | D:7      | Noticed Crazy Yiuf
  9311 | D:7      | Killed Crazy Yiuf
  9840 | D:9      | Noticed Erolcha
  9858 | D:9      | Killed Erolcha
 10039 | D:9      | Noticed Harold
 10053 | D:9      | Killed Harold
 10053 | D:9      | Reached ***** piety under Okawaru
 10053 | D:9      | Reached XP level 11. HP: 67/67 MP: 15/15
 10175 | D:9      | Killed a two-headed ogre
 10500 | D:10     | Noticed a cyan ugly thing
 10506 | D:10     | Killed a cyan ugly thing
 10521 | D:10     | Got a bloodstained short sword
 10522 | D:10     | Identified the +5 short sword "Illoffou" {protect, rF+++
                  | MR- MP+9 Dex+3} (You found it on level 10 of the Dungeon)
 10777 | D:10     | Noticed a tengu warrior
 10797 | D:10     | Killed a tengu warrior
 10797 | D:10     | Received a gift from Okawaru
 11437 | D:11     | Found the +7 Spriggan's Knife {stab, EV+4 Stlth+}
 11594 | D:11     | Found a staircase to the Lair.
 11940 | D:11     | Noticed a two-headed ogre
 11949 | D:11     | Killed a two-headed ogre
 12163 | D:11     | Reached skill level 10 in Stealth
 12357 | D:12     | Reached XP level 12. HP: 74/74 MP: 17/17
 12441 | D:12     | Found a staircase to the Orcish Mines.
 12755 | D:12     | Noticed an eight-headed hydra
 12762 | D:12     | Killed an eight-headed hydra
 12762 | D:12     | Received a gift from Okawaru
 12992 | D:12     | Received a gift from Okawaru
 13294 | Lair:1   | Entered Level 1 of the Lair of Beasts
 13624 | Lair:1   | Reached skill level 10 in Dodging
 13752 | Lair:1   | Reached ****** piety under Okawaru
 13969 | Lair:1   | Noticed a six-headed hydra
 13976 | Lair:1   | Killed a six-headed hydra
 14403 | Lair:2   | Found a dark tunnel.
 14493 | Lair:2   | Reached XP level 13. HP: 57/80 MP: 19/19
 14498 | Lair:2   | Received a gift from Okawaru
 14559 | Volcano  | Entered a volcano
 14599 | Volcano  | Reached skill level 15 in Short Blades
 14645 | Volcano  | Received a gift from Okawaru
 14652 | Volcano  | Got a bloodstained short sword {god gift}
 14653 | Volcano  | Identified the +6 short sword of Dissolution {elec, MR+
                  | Dex+3} (Okawaru gifted it to you in a volcano)
 14892 | Lair:2   | Reached skill level 10 in Fighting
 14956 | Lair:2   | Reached skill level 10 in Evocations
 15077 | Lair:2   | Received a gift from Okawaru
 15549 | Lair:3   | Found a staircase to the Shoals.
 15724 | Lair:3   | Found a staircase to the Snake Pit.
 15768 | Lair:3   | Reached skill level 1 in Staves
 15810 | Lair:3   | Reached skill level 1 in Armour
 16133 | Lair:3   | Reached XP level 14. HP: 56/88 MP: 21/21
 17382 | Lair:5   | Received a gift from Okawaru
 17456 | Lair:5   | Identified a scroll of acquirement
 17457 | Lair:5   | Got a shimmering hat
 17468 | Lair:5   | Identified the -4 hat "Jeurchyo" {Str+2} (You acquired it
                  | on level 5 of the Lair of Beasts)
 17961 | Lair:5   | Found a viscous altar of Jiyva.
 17962 | Lair:5   | Found a staircase to the Slime Pits.
 18509 | Lair:6   | Entered Level 6 of the Lair of Beasts
 18686 | Lair:6   | Reached skill level 5 in Staves
 18923 | Lair:6   | Received a gift from Okawaru
 19084 | Lair:6   | Found a large runed translucent door.
 19084 | Lair:6   | Found a large runed translucent door.
 19101 | Lair:6   | Reached XP level 15. HP: 51/94 MP: 23/23
 19880 | Lair:6   | Noticed Kirke
 19892 | Lair:6   | Noticed a sphinx
 19895 | Lair:6   | Killed Kirke
 20686 | Orc:1    | Entered Level 1 of the Orcish Mines
 20774 | D:12     | Received a gift from Okawaru
 20796 | D:12     | Got a warped robe {god gift}
 20807 | D:12     | Identified the +0 robe "Wosyrr" {-Tele Dex+4} (Okawaru
                  | gifted it to you on level 12 of the Dungeon)
 21247 | Orc:2    | Entered Level 2 of the Orcish Mines
 21249 | Orc:2    | Found a staircase to the Elven Halls.
 21262 | Orc:2    | Found Yxaph's Antique Weapon Shoppe.
 21297 | Orc:2    | Found Ytzepsev's Book Shop.
 21609 | Orc:1    | Found Puogguh's Book Boutique.
 21813 | Orc:2    | Found Lyrghoyrch's General Store.
 21813 | Orc:2    | Noticed a stone giant
 22231 | Orc:2    | Killed a stone giant
 22922 | D:13     | Found a gate to the Vaults.
 23023 | D:13     | Noticed Rupert
 23033 | D:13     | Killed Rupert
 23033 | D:13     | Reached XP level 16. HP: 101/101 MP: 25/25
 23945 | Orc:2    | Received a gift from Okawaru
 24008 | Orc:2    | Reached skill level 5 in Armour
 24013 | Orc:2    | Found Mem Nuve's Antique Armour Shop.
 24680 | Orc:2    | Bought the +8 arc blade {discharge, rElec} for 1800 gold
                  | pieces
 24680 | Orc:2    | Found the +8 arc blade {discharge, rElec}
 24739 | Orc:2    | Bought a pair of glowing boots for 232 gold pieces
 24861 | D:14     | Found a transporter.
 25247 | D:14     | Found a transporter.
 25306 | D:14     | Received a gift from Okawaru
 25309 | D:14     | Got a pair of heavily runed gloves {god gift}
 25332 | D:14     | Identified the +1 pair of gloves of Tenacity {+Fly Str-3
                  | Int+3 Slay+2} (Okawaru gifted it to you on level 14 of the
                  | Dungeon)
 25339 | D:14     | Found Xungar's Magic Scroll Shop.
 25403 | D:14     | Reached skill level 15 in Stealth
 26002 | D:15     | Entered Level 15 of the Dungeon
 26003 | D:15     | Noticed Louise
 26006 | D:15     | Killed Louise
 26110 | D:15     | Found Xihazeog's Distillery.
 26189 | D:15     | Found a frozen archway.
 26226 | IceCv    | Entered an ice cave
 26610 | IceCv    | Reached XP level 17. HP: 81/107 MP: 26/26
 26693 | IceCv    | Got a crude leather armour
 26705 | IceCv    | Identified the cursed +0 leather armour "Muly" {Stlth+}
                  | (You found it in an ice cave)
 26847 | D:15     | Found Peuweg's Food Shop.
 26980 | D:15     | Reached skill level 10 in Invocations
 27034 | D:15     | Found a staircase to the Depths.
 27787 | Depths:1 | Entered Level 1 of the Depths
 27791 | Depths:1 | Noticed Aizul
 28026 | Shoals:1 | Entered Level 1 of the Shoals
 28392 | Shoals:1 | Received a gift from Okawaru
 28631 | Shoals:1 | Reached skill level 10 in Staves
 29549 | Shoals:2 | Noticed a kraken
 29575 | Shoals:2 | Killed a kraken
 29744 | Shoals:3 | Received a gift from Okawaru
 30110 | Shoals:3 | HP: 5/108 [drowned by a drowned soul[a merfolk avatar]
                  | (16)]
 30478 | Shoals:3 | Got a pair of faintly humming boots {god gift}
 30489 | Shoals:3 | Identified the +1 pair of boots of Least Resistance {rPois
                  | Dex+3 Stlth+} (Okawaru gifted it to you on level 3 of the
                  | Shoals)
 30853 | Shoals:3 | Noticed Nikola
 30904 | Shoals:3 | Killed Nikola
 30904 | Shoals:3 | Reached XP level 18. HP: 69/114 MP: 28/28
 31337 | Shoals:3 | HP: 1/171 [satyr/arrow (34)]
 31342 | Shoals:3 | Slain by a faun

Levels and vault maps discovered:
D:1:      roderic_crossed_star, layout_basic
D:2:      layout_loops_cross, grunt_gozag_breadcrumbs, overflow_temple_1_default
D:3:      layout_basic, nicolae_qazlal_eye_of_the_storm,
          nicolae_overflow_hidden_temple, uniq_natasha
D:4:      corexii_shack_village, layout_cave_pools, grunt_dithmenos_shadows,
          lemuel_coloured_pillars_altar
D:5:      layout_basic, first_ration, minmay_fractal_squares_diagonal_5,
          uniq_blork_the_orc, uniq_ijyb, uniq_duvessa
D:6:      layout_loops_corners, minmay_temple_entry_wispy, uniq_edmund
D:7:      layout_loops_ring, ebering_ghost_rock_garden, uniq_crazy_yiuf_cottage
D:8:      layout_loops_ring, gammafunk_temple_overflow_elements,
          nicolae_ossuary_entry_plus, okawaru_ov_weapons_minmay
D:9:      layout_stronghold, nicolae_ru_great_annihilating_truth,
          marbit_many_paths, elyvilon_altar_4, uniq_harold, uniq_erolcha
D:10:     layout_basic, grunt_tengu_nest
D:11:     layout_stronghold, minmay_lair_entry_grove
D:12:     layout_roguey, erik_orc_3
D:13:     layout_roguey, lightli_vaults_fourway_checkpoint,
          grunt_decor_resistance, hangedman_weighted_door, uniq_rupert
D:14:     gammafunk_dig_for_victory, layout_basic, serial_shops,
          nicolae_shop_crystal, minivault_8
D:15:     hangedman_depths_entry_try_elsewhere_first, layout_loops_corners,
          serial_bayou_shore_b, serial_shops, shop, nicolae_shop_stone,
          portal_ice_cave_entry_pillars_2, nrook_loot_triangle, uniq_louise
Lair:1:   layout_layer_cave, serial_bayou_ford_a, cheibrodos_lair_lostbears
Lair:2:   layout_chaotic_city, nicolae_volcano_entry_two_sided
Lair:3:   layout_roguey, elwin_shoals_entry_rocks,
          minmay_snake_entry_six_corridors, serial_bayou, serial_bayou_lake_a,
          serial_bayou_pond_a, serial_bayou_crossing, serial_bayou_pond_b,
          minivault_26, st_stairs_9
Lair:4:   layout_big_grid
Lair:5:   layout_cave_pods, dpeg_slime_entry_enclosed_altar,
          minmay_lair_oklob_chamber
Lair:6:   cheibrodos_lair_end_hotspot, layout_cave_pods, uniq_kirke
Shoals:1: layout_shoals, nicolae_shoals_circle_sea_wall
Shoals:2: layout_shoals, nicolae_shoals_stone_sculpture_thing,
          nicolae_shoals_so_close
Shoals:3: layout_shoals, uniq_nikola
Orc:1:    layout_caves, serial_shops, nicolae_shop_trees,
          nicolae_orc_pool_cavern
Orc:2:    grunt_orc_gardens, layout_caves, grunt_orc_garden, grunt_orc_garden,
          grunt_orc_garden, grunt_orc_garden
Depths:1: layout_cave_pools, hangedman_decor_push, serial_shops, shop_statue,
          kennysheep_little_box, hell_entry, abyss_entry,
          minmay_variable_closet, chequers_serial_rivers_room_b,
          kennysheep_cross_bottleneck, hangedman_decor_lopped,
          kennysheep_four_rooms, serial_bayou_shore_b, firewood_loft, uniq_aizul
Ossuary:  ossuary_due_pyramid
IceCv:    ice_cave_tombish
Volcano:  volcano_bunker

Skill      XL: |  1  2  3  4  5  6  7  8  9 10 11 12 13 14 15 16 17 18 |
---------------+-------------------------------------------------------+-----
Stealth        | 1 2 3 4 5 7 8 10 11 12 13 14 15 16 | 16.3
Dodging        | 4 5 6 7 8 9 10 11 12 13 14 | 14.2
Short Blades   | 5 6 7 8 10 11 13 14 16 | 16.0
Fighting       | 3 4 5 6 7 8 9 10 11 12 13 | 13.1
Invocations    | 1 2 3 4 6 7 8 9 10 | 10.0
Evocations     | 1 2 3 5 6 7 9 10 11 12 13 | 13.7
Staves         | 2 5 7 9 10 11 | 11.0
Armour         | 1 3 4 5 |  5.0
Throwing       | |  2.1

Action                   |  1- 3 |  4- 6 |  7- 9 | 10-12 | 13-15 | 16-18 || total
-------------------------+-------+-------+-------+-------+-------+-------++-------
Melee: Rapier            |    94 |   287 |   449 |   831 |    52 |   615 ||  2328
       Short sword       |       |       |       |       |  1064 |   210 ||  1274
       Quick blade       |       |       |       |       |       |   104 ||   104
Throw: Throwing net      |       |     1 |       |     1 |       |       ||     2
Invok: Heroism           |       |       |       |       |     1 |       ||     1
       Finesse           |       |       |       |       |       |     2 ||     2
 Abil: Evoke Flight      |       |       |       |       |       |     7 ||     7
Evoke: Wand              |       |     1 |     8 |    27 |    36 |    24 ||    96
  Use: Potion            |       |     1 |     5 |     3 |     2 |    10 ||    21
       Scroll            |       |       |     6 |     4 |    13 |     4 ||    27
 Stab: Sleeping          |     2 |     8 |    19 |    30 |    42 |    36 ||   137
       Distracted        |     1 |       |     1 |     6 |     4 |     7 ||    19
       Held in net/web   |       |     1 |       |     1 |       |       ||     2
       Paralysed         |       |       |     2 |       |       |       ||     2
       Confused          |       |       |       |       |       |     1 ||     1
  Eat: Chunk             |     9 |     9 |    11 |    23 |    27 |    38 ||   117
Armor: Leather armour    |    22 |    61 |     8 |       |       |       ||    91
       Robe              |       |       |    62 |   102 |    70 |    80 ||   314
Dodge: Dodged            |    93 |   229 |   336 |   548 |   741 |   628 ||  2575

Table legend:
 A = Non-vault XP
 B = Vault XP
 C = Vault XP percentage of total XP
 D = Non-vault monster count
 E = Vault monster count
 F = Vault count percentage of total count
                 A         B        C        D         E       F
            +---------+---------+-------+---------+---------+-------
      Total |  147298 |   62152 |  29.7 |     709 |     235 |  24.9
            +---------+---------+-------+---------+---------+-------
        D:1 |      94 |       0 |   0.0 |      28 |       0 |   0.0
        D:2 |     101 |       0 |   0.0 |      23 |       0 |   0.0
        D:3 |     160 |      35 |  17.9 |      26 |       1 |   3.7
        D:4 |     292 |     158 |  35.1 |      20 |      13 |  39.4
        D:5 |    1205 |     443 |  26.9 |      32 |      12 |  27.3
        D:6 |     717 |     169 |  19.1 |      26 |       1 |   3.7
        D:7 |     359 |      40 |  10.0 |      13 |       1 |   7.1
        D:8 |    1928 |       0 |   0.0 |      31 |       0 |   0.0
        D:9 |    1169 |    2003 |  63.1 |       7 |       7 |  50.0
       D:10 |    1191 |     864 |  42.0 |      13 |       1 |   7.1
       D:11 |    2665 |    1441 |  35.1 |      27 |      12 |  30.8
       D:12 |    8225 |     259 |   3.1 |      48 |      11 |  18.6
       D:13 |    6092 |   10799 |  63.9 |      27 |      18 |  40.0
       D:14 |   14640 |    1729 |  10.6 |      42 |       4 |   8.7
       D:15 |   12506 |    4466 |  26.3 |      38 |       5 |  11.6
     Lair:1 |    2309 |    1233 |  34.8 |       9 |       4 |  30.8
     Lair:2 |    6962 |       0 |   0.0 |      34 |       0 |   0.0
     Lair:3 |    4611 |    3763 |  44.9 |      26 |      20 |  43.5
     Lair:4 |    8056 |       0 |   0.0 |      25 |       0 |   0.0
     Lair:5 |    7708 |    1680 |  17.9 |      28 |       4 |  12.5
     Lair:6 |   11910 |    9276 |  43.8 |      26 |      25 |  49.0
   Shoals:1 |   12315 |       0 |   0.0 |      25 |       0 |   0.0
   Shoals:2 |   12639 |     189 |   1.5 |      24 |       1 |   4.0
   Shoals:3 |   17440 |    3429 |  16.4 |      34 |       1 |   2.9
      Orc:1 |    5007 |    1608 |  24.3 |      42 |       2 |   4.5
      Orc:2 |    6997 |    7348 |  51.2 |      35 |      10 |  22.2
    Ossuary |       0 |     261 | 100.0 |       0 |      51 | 100.0
      IceCv |       0 |    4217 | 100.0 |       0 |      20 | 100.0
    Volcano |       0 |    6742 | 100.0 |       0 |      11 | 100.0
            +---------+---------+-------+---------+---------+-------
